 Dungeon Crawl Stone Soup version 0.31-a0-1591-g515db51633 (webtiles) character file.

Game seed: 6402421364619889373

447 jlumianski the Ruffian (level 7, -1/78 HPs)
             Began as a Gnoll Shapeshifter on Jan 7, 2024.
             Incinerated by a bombardier beetle (4 damage)
             ... with a burning spray
             ... on level 3 of the Dungeon.
             The game lasted 00:12:32 (2628 turns).

jlumianski the Ruffian (Gnoll Shapeshifter)         Turns: 2628, Time: 00:12:32

Health: -1/78      AC: 23    Str: 12 (15) XL:     7   Next: 3%
Magic:  10/10      EV:  2    Int:  7 (10) God:
Gold:   130        SH:  0    Dex: 10 (11) Spells: 10/10 levels left

rFire   . . .        g - +8 trident of the Octopus King {venom, rElec rPois}
rCold   . . .        (no shield)
rNeg    . . .        n - melded +1 scale mail {Will+}
rPois   +            (helmet currently unavailable)
rElec   +            (cloak currently unavailable)
rCorr   .            (gloves currently unavailable)
SInv    .            (boots currently unavailable)
Will    .....        j - amulet of the acrobat
Stlth   +            (no ring)
HPRegen 0.33/turn    (no ring)
MPRegen 0.12/turn

%: acrobat
@: on fire, tree-form, attractive, glowing
A: stationary, stasis, torment immunity, boosted hp, (fangs 1), strong nose,
distributed training
a: no special abilities


You were on level 3 of the Dungeon.
You were a tree.
You visited 1 branch of the dungeon, and saw 4 of its levels.

You collected 130 gold pieces.

Inventory:

Hand Weapons
 f - a +2 sling of flaming
 g - the +8 trident of the Octopus King (weapon) {venom, rElec rPois}
   (You found it on level 2 of the Dungeon)

   rElec:     It insulates you from electricity.
   rPois:     It protects you from poison
Armour
 a - a +0 animal skin
 e - a +0 scale mail
 n - a +1 scale mail of willpower (melded)
 o - a +0 helmet
 q - a +2 pair of boots
 r - a +0 cloak
 t - an orb of guile
Jewellery
 j - an amulet of the acrobat (around neck)
Talismans
 c - a beast talisman
 d - a flux talisman
Scrolls
 h - a scroll of butterflies
 k - a scroll of fog
 l - a scroll of revelation
 p - a scroll of teleportation {unknown}
Potions
 i - a potion of mutation
 s - a potion of degeneration


   Skills:
 + Level 3.5 Fighting
 + Level 2.3 Short Blades
 + Level 2.3 Long Blades
 + Level 2.3 Axes
 + Level 2.3 Maces & Flails
 + Level 2.3 Polearms
 + Level 2.3 Staves
 + Level 2.3 Ranged Weapons
 + Level 2.3 Throwing
 + Level 2.3 Armour
 + Level 5.1 Dodging
 + Level 2.3 Stealth
 + Level 2.3 Shields
 + Level 7.0 Unarmed Combat
 + Level 2.3 Spellcasting
 + Level 1.8 Conjurations
 + Level 1.8 Hexes
 + Level 1.8 Summonings
 + Level 1.8 Necromancy
 + Level 1.8 Translocations
 + Level 1.8 Fire Magic
 + Level 1.8 Ice Magic
 + Level 1.8 Air Magic
 + Level 1.8 Earth Magic
 + Level 1.8 Alchemy
 + Level 2.5 Invocations
 + Level 2.3 Evocations
 + Level 6.9 Shapeshifting


You had 10 spell levels left.
You didn't know any spells.
Your spell library contained the following spells:

 Spells                   Type           Power      Damage    Failure   Level
 Magic Dart               Conj           12%        1d3       17%         1
 Jinxbite                 Hex            6%         N/A       26%         2
 Searing Ray              Conj           6%         2d4       26%         2
 Static Discharge         Conj/Air       6%         3-4/arc   26%         2
 Inner Flame              Hex/Fire       3%         N/A       45%         3
 Airstrike                Air            1%         2d(1-17)  86%         4
 Fulminant Prism          Conj/Alch      1%         3d5       86%         4
 Summon Lightning Spire   Summ/Air       3%         N/A       86%         4
 Irradiate                Conj/Alch      1%         3d12      99%         5
 Yara's Violent Unravell  Hex/Alch       1%         3d3       99%         5
 Enfeeble                 Hex            1%         N/A       100%        7
 Ignition                 Fire           1%         3d3       100%        8


Dungeon Overview and Level Annotations

Branches:
Dungeon (4/15)
 Temple: D:4-7

Altars:
Vehumet


Innate Abilities, Weirdness & Mutations

You are a tree.
Your roots penetrate the ground, keeping you stationary.
You cannot be teleported.
You are immune to unholy pain and torment.
Your maximum health is greatly increased.
Your equipment is partially melded.
((You have very sharp teeth.))
Your uncanny sense of smell can sniff out nearby items.
Your experience applies equally to all skills.


Message History

The bombardier beetle is poisoned.
You closely miss the bombardier beetle.
The bombardier beetle is moderately wounded.
The bombardier beetle sprays incendiary fluid at you.
The burning spray hits you.
You are covered in liquid fire!
You hit the bombardier beetle.
The bombardier beetle looks as sick as possible!
The bombardier beetle is heavily wounded.
The liquid fire burns you!
You kill the bombardier beetle!
Your Unarmed Combat skill increases to level 7!
You have reached level 7!
The liquid fire burns you! The liquid fire burns you!
The liquid fire burns you! The liquid fire burns you!
The liquid fire burns you! The liquid fire burns you!
The liquid fire burns you! The liquid fire burns you!
The liquid fire burns you!
* * * LOW HITPOINT WARNING * * *
Okay, then.
The liquid fire burns you!
* * * LOW HITPOINT WARNING * * *
The liquid fire burns you!
* * * LOW HITPOINT WARNING * * *
The liquid fire burns you!
* * * LOW HITPOINT WARNING * * *
Your transformation has ended.
You turn into a tree.
Your +1 scale mail of willpower melds into your body.
You feel less strong-willed.
Your roots penetrate the ground.
The liquid fire burns you!
* * * LOW HITPOINT WARNING * * *
It was a potion of attraction.
You feel attractive to monsters. The liquid fire burns you!
You die...

###.##...###.#####.##############
# #......# #.# #.# # ###.##.#.#
#.# #.# # )...##.#.# #.#####.# #
#......#.# #.......# # #####..# #
#######.# # ### #..# #.# #####
..# #..# #########.# #....
..###..# ......†♣..# #.###
.......# #########!# ####.#
.####.## #.# ##.##.# .# #.#
#.######...#.# .# #.#
#....<.......# †# #.#
########..†#.# .# #.# ######.##.#
.####.## #......##.# .......#
#.#######.#


There were no monsters in sight!

Vanquished Creatures
  A black bear (D:2)
  3 bombardier beetles
  An orc priest (D:3)
  Jessica (D:2)
  Terence (D:2)
  Robin (D:2)
  2 adders (D:2)
  4 gnolls (D:2)
  3 ribbon worms
  8 orcs (D:3)
  10 bats
  5 endoplasms
  3 giant cockroaches
  12 hobgoblins
  5 jackals
  10 kobolds
  A quokka (D:1)
  5 ball pythons
  5 frilled lizards
  14 goblins
  5 rats
100 creatures vanquished.

Notes
Turn   | Place    | Note
-------+----------+-------------------------------------------
     0 | D:1      | jlumianski the Gnoll Shapeshifter began the quest for the
                  | Orb.
     0 | D:1      | Reached XP level 1. HP: 17/17 MP: 1/1
   155 | D:1      | Reached XP level 2. HP: 23/23 MP: 2/2
   268 | D:2      | Found the +8 trident of the Octopus King {venom, rElec
                  | rPois}
   290 | D:2      | Noticed Jessica
   292 | D:2      | Reached XP level 3. HP: 28/28 MP: 3/3
   305 | D:2      | Reached skill level 1 in Invocations
   307 | D:2      | Killed Jessica
   308 | D:2      | Reached skill level 1 in Short Blades
   308 | D:2      | Reached skill level 1 in Long Blades
   308 | D:2      | Reached skill level 1 in Axes
   308 | D:2      | Reached skill level 1 in Maces & Flails
   308 | D:2      | Reached skill level 1 in Polearms
   308 | D:2      | Reached skill level 1 in Staves
   308 | D:2      | Reached skill level 1 in Ranged Weapons
   308 | D:2      | Reached skill level 1 in Throwing
   308 | D:2      | Reached skill level 1 in Armour
   308 | D:2      | Reached skill level 1 in Stealth
   308 | D:2      | Reached skill level 1 in Shields
   308 | D:2      | Reached skill level 1 in Spellcasting
   308 | D:2      | Reached skill level 1 in Evocations
   308 | D:2      | Reached XP level 4. HP: 18/34 MP: 3/5
   406 | D:2      | Reached skill level 1 in Conjurations
   406 | D:2      | Reached skill level 1 in Hexes
   406 | D:2      | Reached skill level 1 in Summonings
   406 | D:2      | Reached skill level 1 in Necromancy
   406 | D:2      | Reached skill level 1 in Translocations
   406 | D:2      | Reached skill level 1 in Fire Magic
   406 | D:2      | Reached skill level 1 in Ice Magic
   406 | D:2      | Reached skill level 1 in Air Magic
   406 | D:2      | Reached skill level 1 in Earth Magic
   406 | D:2      | Reached skill level 1 in Alchemy
   462 | D:2      | Identified the +10 ring mail of the Arcane {rElec Will-
                  | Int+7 Slay+2}
   498 | D:2      | Noticed a black bear
   508 | D:2      | Killed a black bear
   509 | D:2      | Reached XP level 5. HP: 41/41 MP: 5/7
  1318 | D:2      | Reached XP level 6. HP: 47/47 MP: 8/8
  1388 | D:2      | Noticed Terence
  1403 | D:2      | Killed Terence
  1408 | D:2      | Reached skill level 5 in Dodging
  1425 | D:2      | Noticed Robin
  1444 | D:2      | Killed Robin
  2060 | D:4      | Found a radiant altar of Vehumet.
  2615 | D:3      | Reached skill level 7 in Unarmed Combat
  2615 | D:3      | Reached XP level 7. HP: 50/52 MP: 10/10
  2627 | D:3      | HP: 3/78 [burnt (3)]
  2628 | D:3      | Incinerated by a bombardier beetle

Illustrated notes

Levels and vault maps discovered:
D:1:      nzn_arrival_depleted_hourglass, layout_basic
D:2:      layout_basic, roderic_serpentine_path, minmay_divided_ellipse,
          uniq_terence, uniq_jessica, uniq_robin
D:3:      layout_loops_ring, minivault_24
D:4:      layout_loops_ring, nicolae_vehumet_radiance,
          minmay_temple_entry_offerings

Skill      XL: |  1  2  3  4  5  6 |
---------------+-------------------+-----
Invocations    | 1 2 |  2.5
Short Blades   | 1 2 |  2.3
Long Blades    | 1 2 |  2.3
Axes           | 1 2 |  2.3
Maces & Flails | 1 2 |  2.3
Polearms       | 1 2 |  2.3
Staves         | 1 2 |  2.3
Ranged Weapons | 1 2 |  2.3
Throwing       | 1 2 |  2.3
Armour         | 1 2 |  2.3
Stealth        | 1 2 |  2.3
Shields        | 1 2 |  2.3
Spellcasting   | 1 2 |  2.3
Evocations     | 1 2 |  2.3
Conjurations   | 1 |  1.8
Hexes          | 1 |  1.8
Summonings     | 1 |  1.8
Necromancy     | 1 |  1.8
Translocations | 1 |  1.8
Fire Magic     | 1 |  1.8
Ice Magic      | 1 |  1.8
Air Magic      | 1 |  1.8
Earth Magic    | 1 |  1.8
Alchemy        | 1 |  1.8
Fighting       | 3 |  3.5
Dodging        | 5 |  5.1
Unarmed Combat | 7 |  7.0
Shapeshifting  | |  6.9

Action                     |  1- 3 |  4- 6 |  7- 9 || total
---------------------------+-------+-------+-------++-------
  Melee: Unarmed           |    27 |       |       ||    27
         Punch             |     3 |     2 |       ||     5
         Trident           |     3 |   133 |       ||   136
         Bite              |     1 |     6 |       ||     7
    Use: Scroll            |       |     4 |       ||     4
         Potion            |       |     1 |     2 ||     3
   Stab: Sleeping          |     1 |     4 |       ||     5
 Armour: Animal skin       |     9 |    17 |       ||    26
         Scale mail        |       |    30 |       ||    30
  Dodge: Dodged            |    21 |    50 |       ||    71

Table legend: (Time is in decaauts)
 A = Elapsed time spent in this place.
 B = Non-inter-level travel time spent in this place.
 C = Inter-level travel time spent in this place.
 D = Time resting spent in this place.
 E = Time spent auto-exploring this place.
 F = Levels seen in this place.
 G = Mean time per level.
                   A        B        C        D        E       F      G
               +--------+--------+--------+--------+--------+-----+--------+
         Total |   2659 |   2614 |     45 |    224 |   1281 |   4 |  664.8 |
       Dungeon |   2659 |   2614 |     45 |    224 |   1281 |   4 |  664.8 |
               +--------+--------+--------+--------+--------+-----+--------+

Top non-repeatable levels by time:
     D:2: 1183 daAuts
     D:3: 717 daAuts
     D:1: 669 daAuts
     D:4: 88 daAuts
